 Dungeon Crawl Stone Soup version 0.23.2-33-g5129a83184 (webtiles) character file.

Game seed: 9229273427077541838

25747 havocjr3 the Blocker (level 13, 0/92 HPs)
             Began as a Gnoll Fighter on July 16, 2019.
             Was an Elder of Hepliaklqana.
             Slain by a spiny frog (9 damage)
             ... on level 2 of the Lair of Beasts on July 17, 2019.
             The game lasted 01:46:48 (13831 turns).

havocjr3 the Blocker (Gnoll Fighter)               Turns: 13831, Time: 01:46:49

Health: 0/92       AC: 16    Str: 19    XL:     13   Next: 21%
Magic:  24/24      EV: 15    Int: 16    God:    Hepliaklqana [****..]
Gold:   649        SH: 14    Dex: 21    Spells: 23/27 levels left

rFire    . . .     SeeInvis .   m - +0 scimitar (slice)
rCold    . . .     Gourm    .   c - +1 shield
rNeg     . . .     Faith    .   R - +0 scale mail
rPois    .         Spirit   .   i - +1 helmet
rElec    .         Reflect  .   d - +1 cloak
rCorr    .         Harm     .   (no gloves)
MR       .....                  X - +1 pair of boots
Stlth    +++.......             (no amulet)
HPRegen  0.25/turn              S - +3 ring of dexterity
MPRegen  0.19/turn              q - +4 ring of intelligence

@: lethally poisoned (0 -> -1), about to teleport
A: distributed training, reduced essence, fangs 1, strong nose
a: Recall Ancestor, Ancestor Identity, Transference, Idealise, Renounce Religion


You were on level 2 of the Lair of Beasts.
You worshipped Hepliaklqana.
Hepliaklqana was greatly pleased with you.
You were not hungry.

You visited 3 branches of the dungeon, and saw 16 of its levels.
You also visited: Sewer and Ice Cave.

You collected 757 gold pieces.
You spent 108 gold pieces at shops.

Inventory:

Hand Weapons
 a - a +1 scimitar
 b - a +0 fustibalus
 m - a +0 scimitar of slicing (weapon)
 M - a +6 flail of protection
Missiles
 h - 114 sling bullets
 A - 6 javelins
 C - 2 throwing nets
 J - 3 silver tomahawks
 K - 11 tomahawks (quivered)
Armour
 c - a +1 shield (worn)
 d - a +1 cloak (worn)
 i - a +1 helmet (worn)
 n - a +0 plate armour
 R - a +0 scale mail (worn)
 X - a +1 pair of boots (worn)
Jewellery
 q - a +4 ring of intelligence (right hand)
 s - an uncursed ring of resist corrosion
 P - an uncursed ring of protection from fire
 S - a +3 ring of dexterity (left hand)
Wands
 y - a wand of acid (6)
 D - a wand of enslavement (16)
 E - a wand of flame (39)
 U - a wand of scattershot (4)
 V - a wand of disintegration (11)
 W - a wand of polymorph (11)
Scrolls
 e - 3 scrolls of enchant weapon
 g - 4 scrolls of fear {unknown}
 j - 2 scrolls of noise {unknown}
 k - 7 scrolls of immolation
 l - 3 scrolls of blinking {unknown}
 r - 8 scrolls of teleportation
 t - 2 scrolls of amnesia
 u - 2 scrolls of fog {unknown}
 v - 2 scrolls of random uselessness {unknown}
 B - 2 scrolls of torment {unknown}
 I - a scroll of brand weapon {unknown}
 T - 2 scrolls of magic mapping {unknown}
 Y - 3 scrolls of remove curse
Potions
 o - 2 potions of curing
 p - a potion of lignification
 x - 5 potions of flight
 z - a potion of magic
 F - a potion of berserk rage
 G - 3 potions of heal wounds
 H - a potion of haste
 L - 2 potions of mutation
 N - a potion of cancellation
 O - a potion of might
Miscellaneous
 w - a lightning rod (4/4)
 Q - a sack of spiders
Comestibles
 f - 31 rations
 Z - 5 chunks of flesh


   Skills:
 + Level 10.2 Fighting
 + Level 7.8 Short Blades
 + Level 9.2 Long Blades
 + Level 7.8 Axes
 + Level 7.8 Maces & Flails
 + Level 7.8 Polearms
 + Level 7.8 Staves
 + Level 7.8 Slings
 + Level 7.8 Bows
 + Level 7.8 Crossbows
 + Level 7.8 Throwing
 + Level 10.2 Armour
 + Level 7.8 Dodging
 + Level 7.8 Stealth
 + Level 10.2 Shields
 + Level 7.8 Unarmed Combat
 + Level 7.8 Spellcasting
 + Level 6.5 Conjurations
 + Level 6.5 Hexes
 + Level 6.5 Charms
 + Level 6.5 Summonings
 + Level 6.5 Necromancy
 + Level 6.5 Translocations
 + Level 6.5 Transmutations
 + Level 6.5 Fire Magic
 + Level 6.5 Ice Magic
 + Level 6.5 Air Magic
 + Level 6.5 Earth Magic
 + Level 6.5 Poison Magic
 + Level 8.6 Invocations
 + Level 7.8 Evocations


You had 23 spell levels left.
You knew the following spells:

 Your Spells              Type           Power        Failure   Level  Hunger
a - Dazzling Spray        Conj/Hex       ####..       11%         3    ##.....
b - Animate Skeleton      Necr           N/A          3%          1    None

Your spell library contained the following spells:

 Spells                   Type           Power        Failure   Level  Hunger
 Corona                   Hex            ####...      3%          1    None
 Pain                     Necr           ####         3%          1    None
 Ensorcelled Hibernation  Hex/Ice        ####..       5%          2    None
 Confuse                  Hex            ####....     11%         3    ##.....
 Ignite Poison            Fire/Tmut/Pois ####....     11%         3    ##.....
 Regeneration             Chrm/Necr      ####......   11%         3    ##.....
 Tukima's Dance           Hex            ####....     11%         3    ##.....
 Vampiric Draining        Necr           ####......   11%         3    ##.....
 Animate Dead             Necr           N/A          34%         4    ####...
 Fireball                 Conj/Fire      ####......   67%         5    #####..
 Bolt of Fire             Conj/Fire      ####......   99%         6    #######
 Ring of Flames           Chrm/Fire      ####......   100%        7    #######
 Ignition                 Fire           ####......   100%        8    #######


Dungeon Overview and Level Annotations

Branches:
Dungeon (12/15)            Temple (1/1) D:5            Lair (3/6) D:8
  Swamp (0/4) Lair:2       Spider (0/4) Lair:2          Orc (0/2) D:10

Altars:
Ashenzari
Dithmenos
Elyvilon
Fedhas
Gozag
Hepliaklqana
Makhleb
Nemelex Xobeh
Okawaru
Qazlal
Ru
Trog
Uskayaw
Vehumet
Wu Jian
Xom
Yredelemnul
Zin
The Shining One

Shops:
D:9 %?(==

Annotations:
D:10 2 runed translucent doors, Terandir's ghost, journeyman MiFi


Innate Abilities, Weirdness & Mutations

Your experience applies equally to all skills.
You have very sharp teeth.
Your uncanny sense of smell can sniff out nearby items.
Your life essence is reduced to manifest your ancestor. (-10% HP)


Message History

The blink frog blinks!
You feel sick.
The yak gores Septima!
You block the spiny frog's attack.
Septima barely misses the yak.
The yak gores Septima.
You feel sick.
Septima hits the yak with a +0 dagger of draining!
The blink frog hits you but does no damage.
The yak gores Septima!
You feel sick.
The blink frog hits you but does no damage.
Septima hits the yak with a +0 dagger of draining!
The yak gores Septima!!
You block the blink frog's attack.
Septima casts a spell at the spiny frog.
The blink frog easily resists.
Something misses Septima.
The spiny frog misses you.
You feel sick.
As you read the scroll of teleportation, it crumbles to dust.
You feel strangely unstable.
You feel sick.
The blink frog blinks!
You block the spiny frog's attack. The spiny frog stings you!
You die...

..####.P.#..#....##.#.....#..P.#.
.P# #####.Y...F.#...........###.
.## #####.#####Y.#....≈§≈.....##.
.# ##.....# ##..#..≈≈≈≈≈§§####.
.###.....## #R.#..≈§§§≈.§# #.
..#.......## ###§#...≈≈§≈≈§.####.
..........P###.P......≈§≈§.§##...
......<.........F..#..§....P####.
.###.....##PP#..@..#......§## #.
.##.....###...........###### ##.
...########.P#........# ##.. ..##
#............## #>.. #)#
####.#.#####....## ##...
..####.##....#.#..#...#### #..##
...............##.#..#.#.#####..#
#.##.#.P..#..#.#..#.........##.##
...#.##...#.#(....#..##.##...#R#


You could see the friendly Septima the hexer, a yak, a spiny frog and a blink
frog.

Vanquished Creatures
  Urug (D:11)
  An unseen horror (D:10)
  Pikel (D:4)
  A cyclops (D:11)
  A komodo dragon (Lair:1)
  2 ice devils (IceCv)
  Grinder (D:3)
  A blink frog (Lair:1)
  3 hippogriffs
  4 dream sheep (Lair:2)
  4 wraiths (D:11)
  A wyvern (Lair:1)
  Sigmund (D:2)
  13 yaks
  A basilisk (Lair:2)
  A steam dragon (D:8)
  Edmund (D:6)
  A water moccasin (D:10)
  A porcupine (Lair:1)
  Purgy (Sewer)
  2 orc warriors
  2 ice beasts
  An eye of draining (D:9)
  5 sky beasts
  2 slaves
  A black bear (D:10)
  3 phantoms
  2 centaurs
  4 wolves (Lair:1)
  5 ogres
  3 crocodiles
  4 big kobolds
  6 bullfrogs
  Blork the orc (D:4)
  Dowan (D:5)
  5 scorpions
  A wyvern skeleton (D:11)
  6 killer bees
  An electric eel (Lair:2)
  4 wights (D:11)
  2 bullfrog zombies
  3 centaur zombies
  2 quasits
  A jelly (D:8)
  4 crimson imps
  3 orc priests
  3 hounds
  2 bullfrog skeletons
  A centaur skeleton (D:11)
  6 orc wizards
  A gnoll shaman (D:10)
  3 iguanas
  8 worker ants
  Natasha (thrice) (D:2)
  A killer bee zombie (D:8)
  A hound zombie (D:6)
  A hound skeleton (D:4)
  17 gnolls
  17 adders
  2 shadow imps (D:11)
  11 white imps (Lair:2)
  An adder zombie (D:9)
  3 adder skeletons
  4 worms
  4 dart slugs
  11 leopard geckos
  39 orcs
  10 bats
  3 giant cockroaches
  15 hobgoblins
  24 jackals
  4 quokkas
  5 ball pythons
  A ball python skeleton (D:5)
  A ball python zombie (D:5)
  8 frilled lizards
  6 goblins
  14 kobolds
  10 rats
355 creatures vanquished.

Vanquished Creatures (collateral kills)
  Josephine (D:11)
  Harold (Lair:1)
  A rime drake (Lair:1)
  2 trolls
  2 blink frogs (Lair:1)
  3 dream sheep (Lair:2)
  A wraith (D:11)
  2 yaks (Lair:2)
  A hungry ghost (D:8)
  A steam dragon (D:7)
  Duvessa (D:5)
  A water moccasin (Lair:1)
  A porcupine (Lair:1)
  A black bear (D:6)
  An ogre (D:7)
  A phantom (D:6)
  2 wolves (Lair:1)
  A centaur (D:5)
  5 crocodiles
  A big kobold (D:11)
  A bullfrog (D:9)
  2 electric eels (Lair:2)
  A crimson imp (D:5)
  A centaur zombie (D:11)
  An orc priest (D:8)
  5 hounds
  2 jellies (D:7)
  A bullfrog skeleton (D:9)
  2 iguanas
  A worker ant (D:5)
  An adder (D:6)
  A white imp (Lair:2)
  An adder skeleton (D:5)
  An adder zombie (D:6)
  3 orcs
  A jackal (D:8)
  3 kobolds (D:11)
  A giant cockroach zombie (D:6)
  A jackal zombie (D:6)
  A leopard gecko zombie (D:6)
  A fungus (Lair:2)
62 creatures vanquished.

Vanquished Creatures (others)
  8 hexers
  An ancestor (D:6)
  An orc (D:4)
  A fungus (D:10)
  6 plants
17 creatures vanquished.

Grand Total: 434 creatures vanquished

Notes
Turn   | Place    | Note
-------+----------+-------------------------------------------
     0 | D:1      | havocjr3 the Gnoll Fighter began the quest for the Orb.
     0 | D:1      | Reached XP level 1. HP: 23/23 MP: 1/1
    29 | D:1      | Reached XP level 2. HP: 18/29 MP: 2/2
   425 | D:1      | Reached XP level 3. HP: 35/35 MP: 3/3
   634 | D:2      | Noticed Sigmund
   634 | D:2      | Noticed a phantom
   655 | D:1      | Reached skill level 1 in Invocations
   669 | D:1      | Reached skill level 1 in Short Blades
   669 | D:1      | Reached skill level 1 in Axes
   669 | D:1      | Reached skill level 1 in Maces & Flails
   669 | D:1      | Reached skill level 1 in Polearms
   669 | D:1      | Reached skill level 1 in Staves
   669 | D:1      | Reached skill level 1 in Slings
   669 | D:1      | Reached skill level 1 in Bows
   669 | D:1      | Reached skill level 1 in Crossbows
   669 | D:1      | Reached skill level 1 in Throwing
   669 | D:1      | Reached skill level 1 in Dodging
   669 | D:1      | Reached skill level 1 in Stealth
   669 | D:1      | Reached skill level 1 in Unarmed Combat
   669 | D:1      | Reached skill level 1 in Spellcasting
   669 | D:1      | Reached skill level 1 in Evocations
   669 | D:1      | Reached XP level 4. HP: 18/41 MP: 5/5
   989 | D:2      | Killed Sigmund
   989 | D:2      | Reached skill level 1 in Conjurations
   989 | D:2      | Reached skill level 1 in Hexes
   989 | D:2      | Reached skill level 1 in Charms
   989 | D:2      | Reached skill level 1 in Summonings
   989 | D:2      | Reached skill level 1 in Necromancy
   989 | D:2      | Reached skill level 1 in Translocations
   989 | D:2      | Reached skill level 1 in Transmutations
   989 | D:2      | Reached skill level 1 in Fire Magic
   989 | D:2      | Reached skill level 1 in Ice Magic
   989 | D:2      | Reached skill level 1 in Air Magic
   989 | D:2      | Reached skill level 1 in Earth Magic
   989 | D:2      | Reached skill level 1 in Poison Magic
   989 | D:2      | Reached XP level 5. HP: 34/47 MP: 5/7
   989 | D:2      | Reached XP level 6. HP: 39/53 MP: 5/8
  1000 | D:2      | Noticed Natasha
  1006 | D:2      | Killed Natasha
  1061 | D:2      | Killed a phantom
  1061 | D:2      | Reached skill level 5 in Long Blades
  1466 | D:2      | Noticed Natasha
  1476 | D:2      | Killed Natasha
  1737 | D:2      | Reached XP level 7. HP: 40/59 MP: 10/10
  2040 | D:2      | Noticed Natasha
  2046 | D:2      | Killed Natasha
  2108 | D:3      | Noticed Grinder
  2116 | D:3      | Paralysed by Grinder for 3 turns
  2769 | D:3      | Paralysed by Grinder for 4 turns
  2778 | D:3      | Killed Grinder
  2778 | D:3      | Reached XP level 8. HP: 62/67 MP: 10/12
  3465 | D:4      | Found a glowing drain.
  3484 | Sewer    | Entered a sewer
  3543 | Sewer    | Noticed Purgy
  3556 | Sewer    | Killed Purgy
  3953 | D:4      | Noticed Pikel
  4238 | D:4      | Noticed Blork the orc
  4286 | D:4      | Killed Blork the orc
  4498 | D:4      | Killed Pikel
  4498 | D:4      | Reached XP level 9. HP: 65/73 MP: 14/14
  4562 | D:5      | Entered Level 5 of the Dungeon
  4565 | D:5      | Found a staircase to the Ecumenical Temple.
  4605 | Temple   | Entered the Ecumenical Temple
  4710 | Temple   | Became a worshipper of Hepliaklqana the Forgotten
  5005 | D:5      | Got a crystal quarterstaff
  5018 | D:5      | Identified the +6 quarterstaff "Jellybane" {crush, Str+3}
                  | (You found it on level 5 of the Dungeon)
  5228 | D:5      | Noticed Dowan
  5229 | D:5      | Noticed Duvessa
  5234 | D:5      | Killed Dowan
  5240 | D:5      | Killed Duvessa
  5351 | D:6      | Found a burning altar of Makhleb.
  5365 | D:6      | Reached * piety under Hepliaklqana
  5501 | D:6      | Reached skill level 5 in Invocations
  5551 | D:6      | Noticed Edmund
  5643 | D:6      | Killed Edmund
  5711 | D:6      | Got a brightly glowing buckler
  5722 | D:6      | Identified the cursed +0 buckler "Teor" {-Cast +Blink
                  | Regen+ Int+4} (You found it on level 6 of the Dungeon)
  5932 | D:6      | Reached XP level 10. HP: 72/72 MP: 15/17
  6244 | D:7      | Found a sacrificial altar of Ru.
  6558 | D:7      | Reached skill level 5 in Short Blades
  6558 | D:7      | Reached skill level 5 in Axes
  6558 | D:7      | Reached skill level 5 in Maces & Flails
  6558 | D:7      | Reached skill level 5 in Polearms
  6558 | D:7      | Reached skill level 5 in Staves
  6558 | D:7      | Reached skill level 5 in Slings
  6558 | D:7      | Reached skill level 5 in Bows
  6558 | D:7      | Reached skill level 5 in Crossbows
  6558 | D:7      | Reached skill level 5 in Throwing
  6558 | D:7      | Reached skill level 5 in Dodging
  6558 | D:7      | Reached skill level 5 in Stealth
  6558 | D:7      | Reached skill level 5 in Unarmed Combat
  6558 | D:7      | Reached skill level 5 in Spellcasting
  6558 | D:7      | Reached skill level 5 in Evocations
  6775 | D:7      | Reached ** piety under Hepliaklqana
  6776 | D:7      | Remembered your ancestor Septima as a hexer
  6922 | D:8      | Found a staircase to the Lair.
  7820 | D:9      | Found Axeatyw's Food Emporium.
  7876 | D:9      | Found Dooniamp's Weapon Shop.
  7932 | D:9      | Reached XP level 11. HP: 66/78 MP: 19/19
  8247 | D:9      | Found Gafif's Jewellery Boutique.
  8263 | D:9      | Found Nyonaong's Jewellery Emporium.
  8419 | D:9      | Reached *** piety under Hepliaklqana
  8578 | D:9      | Found Ejiuhob's Magic Scroll Shoppe.
  8718 | D:10     | Entered Level 10 of the Dungeon
  8728 | D:10     | Learned a level 3 spell: Dazzling Spray
  8852 | D:9      | Bought 3 scrolls of remove curse for 108 gold pieces
  8867 | D:10     | Found a runed translucent door.
  9020 | D:10     | Noticed a sixfirhy
  9063 | D:10     | Found a basalt altar of Yredelemnul.
  9361 | D:10     | Found a runed translucent door.
  9424 | D:10     | Identified the +9 trident of Daxzez {pierce, rElec rN+++
                  | Dex-5 SInv}
  9430 | D:10     | Noticed Terandir's ghost (journeyman MiFi)
  9638 | D:10     | Reached skill level 5 in Conjurations
  9638 | D:10     | Reached skill level 5 in Hexes
  9638 | D:10     | Reached skill level 5 in Charms
  9638 | D:10     | Reached skill level 5 in Summonings
  9638 | D:10     | Reached skill level 5 in Necromancy
  9638 | D:10     | Reached skill level 5 in Translocations
  9638 | D:10     | Reached skill level 5 in Transmutations
  9638 | D:10     | Reached skill level 5 in Fire Magic
  9638 | D:10     | Reached skill level 5 in Ice Magic
  9638 | D:10     | Reached skill level 5 in Air Magic
  9638 | D:10     | Reached skill level 5 in Earth Magic
  9638 | D:10     | Reached skill level 5 in Poison Magic
  9638 | D:10     | Reached XP level 12. HP: 70/86 MP: 20/22
  9726 | D:10     | Found a staircase to the Orcish Mines.
  9996 | D:11     | Got a diamond-encrusted leather armour
 10007 | D:11     | Identified the cursed +0 leather armour of Space {Regen+
                  | Str-4 Dex+4 Slay+2} (You found it on level 11 of the
                  | Dungeon)
 10125 | D:11     | Noticed Josephine
 10152 | D:11     | Killed Josephine
 10231 | D:11     | Noticed Urug
 10316 | D:11     | Killed Urug
 11047 | D:11     | Reached **** piety under Hepliaklqana
 11254 | D:12     | Noticed a four-headed hydra
 11499 | Lair:1   | Entered Level 1 of the Lair of Beasts
 11542 | Lair:1   | Noticed Harold
 11560 | Lair:1   | Killed Harold
 11681 | Lair:1   | Learned a level 1 spell: Animate Skeleton
 12064 | Lair:1   | Reached skill level 10 in Fighting
 12064 | Lair:1   | Reached skill level 10 in Armour
 12064 | Lair:1   | Reached skill level 10 in Shields
 12308 | Lair:1   | Reached XP level 13. HP: 85/92 MP: 22/24
 12603 | Lair:2   | Found a hole to the Spider Nest.
 12675 | Lair:2   | Found a staircase to the Swamp.
 13155 | Lair:2   | Found a frozen archway.
 13178 | IceCv    | Entered an ice cave
 13831 | Lair:2   | Slain by a spiny frog

Skill      XL: |  1  2  3  4  5  6  7  8  9 10 11 12 13 |
---------------+----------------------------------------+-----
Invocations    | 1 2 3 4 5 6 7 8 |  8.6
Short Blades   | 1 2 3 4 5 6 7 |  7.8
Axes           | 1 2 3 4 5 6 7 |  7.8
Maces & Flails | 1 2 3 4 5 6 7 |  7.8
Polearms       | 1 2 3 4 5 6 7 |  7.8
Staves         | 1 2 3 4 5 6 7 |  7.8
Slings         | 1 2 3 4 5 6 7 |  7.8
Bows           | 1 2 3 4 5 6 7 |  7.8
Crossbows      | 1 2 3 4 5 6 7 |  7.8
Throwing       | 1 2 3 4 5 6 7 |  7.8
Dodging        | 1 2 3 4 5 6 7 |  7.8
Stealth        | 1 2 3 4 5 6 7 |  7.8
Unarmed Combat | 1 2 3 4 5 6 7 |  7.8
Spellcasting   | 1 2 3 4 5 6 7 |  7.8
Evocations     | 1 2 3 4 5 6 7 |  7.8
Conjurations   | 1 2 3 4 5 6 |  6.5
Hexes          | 1 2 3 4 5 6 |  6.5
Charms         | 1 2 3 4 5 6 |  6.5
Summonings     | 1 2 3 4 5 6 |  6.5
Necromancy     | 1 2 3 4 5 6 |  6.5
Translocations | 1 2 3 4 5 6 |  6.5
Transmutations | 1 2 3 4 5 6 |  6.5
Fire Magic     | 1 2 3 4 5 6 |  6.5
Ice Magic      | 1 2 3 4 5 6 |  6.5
Air Magic      | 1 2 3 4 5 6 |  6.5
Earth Magic    | 1 2 3 4 5 6 |  6.5
Poison Magic   | 1 2 3 4 5 6 |  6.5
Long Blades    | 5 6 7 8 9 |  9.2
Fighting       | 7 8 9 10 | 10.2
Armour         | 7 8 9 10 | 10.2
Shields        | 7 8 9 10 | 10.2

Action                   |  1- 3 |  4- 6 |  7- 9 | 10-12 | 13-15 || total
-------------------------+-------+-------+-------+-------+-------++-------
Melee: Long sword        |    81 |   111 |   329 |       |       ||   521
       Bite              |     8 |    17 |    83 |    75 |    20 ||   203
       Scimitar          |       |       |   175 |   354 |    88 ||   617
       Quarterstaff      |       |       |    10 |       |       ||    10
       Flail             |       |       |       |    16 |       ||    16
 Fire: Fustibalus        |       |       |       |   290 |    31 ||   321
Throw: Stone             |       |    19 |    33 |       |       ||    52
       Tomahawk          |       |       |     7 |     9 |       ||    16
 Cast: Dazzling Spray    |       |       |       |     7 |     1 ||     8
       Animate Skeleton  |       |       |       |    10 |     5 ||    15
Invok: Recall Ancestor   |       |       |     1 |     4 |     1 ||     6
       Ancestor Life: He |       |       |       |     1 |       ||     1
       Idealise          |       |       |       |       |     1 ||     1
 Abil: Evoke Blink       |       |       |       |     1 |       ||     1
Evoke: Wand              |       |       |       |     2 |       ||     2
  Use: Potion            |       |     1 |     2 |     3 |       ||     6
       Scroll            |       |       |     6 |    17 |     1 ||    24
 Stab: Sleeping          |       |       |     2 |     2 |       ||     4
       Distracted        |       |       |     1 |     9 |     5 ||    15
       Confused          |       |       |       |    11 |       ||    11
  Eat: Chunk             |       |     3 |    15 |    21 |     5 ||    44
Armor: Scale mail        |    53 |    43 |    88 |    16 |    27 ||   227
       Troll leather arm |       |       |    74 |    44 |       ||   118
Dodge: Dodged            |    35 |    53 |   243 |   185 |    51 ||   567
Block: Shield            |    65 |    87 |   336 |   154 |    72 ||   714
       Buckler           |       |       |       |    31 |       ||    31
       Rpst.: Long sword |    10 |    13 |    44 |       |       ||    67
       Scimitar          |       |       |    33 |    42 |    10 ||    85
